General information
- name: grudge8
- type: Custom game
- host: Chopstix
- saver: Mata.
map: PlunderIsle
- players: 9
- length: 16:49
- speed: Fast
- version: 1.21 W3XP
- replay type:

» download(74 KB)
Players
team 1 (loser)
gREEDoFtHEnOOB (
pink | 87 APM | 1451 actions | 16:46)
4 Archmage
2 Summon Water Elemental
2 Brilliance Aura
2 Mountain King
1 Storm Bolt
1 Bash
» actions
| Assign group hotkey | 40 | |
| Basic commands | 41 | |
| Build / train | 45 | |
| ESC pressed | 3 | |
| Enter build submenu | 25 | |
| Enter hero's abilities submenu | 6 | |
| Right click | 681 | |
| Select / deselect | 464 | |
| Select group hotkey | 75 | |
| Use ability | 71 | |
1451 total
» units
| Peasant | 12 | |
| Footman | 3 | |
| Rifleman | 12 | |
| Priest | 2 | |
| Sorceress | 2 | |
31 total
» upgrades
» buildings
| Altar of Kings | 1 | |
| Farm | 16 | |
| Barracks | 2 | |
| Scout Tower | 1 | |
| Arcane Tower | 1 | |
| Lumber Mill | 1 | |
| Blacksmith | 1 | |
| Keep | 1 | |
| Arcane Vault | 2 | |
| Arcane Sanctum | 1 | |
27 total
» build order
00:07 Altar of Kings
00:18 Farm
00:20 Farm
00:34 Barracks
00:38 Barracks
01:39 Scout Tower
01:52 Farm
02:14 Arcane Tower
02:38 Lumber Mill
02:45 Blacksmith
03:14 Farm
03:29 Farm
04:30 Farm
04:53 Farm
05:20 Farm
05:27 Farm
06:03 Keep
07:46 Arcane Vault
07:52 Farm
08:04 Farm
08:07 Farm
08:30 Arcane Sanctum
09:15 Arcane Vault
11:34 Farm
11:40 Farm
12:26 Farm
12:33 Farm
» items
team 2 (winner)

»
Mata. (
green | 184 APM | 3093 actions | 16:49)
4 Far Seer
2 Feral Spirit
2 Chain Lighting
2 Tauren Chieftain
1 War Stomp
1 Endurance Aura
» actions
| Assign group hotkey | 488 | |
| Basic commands | 30 | |
| Build / train | 61 | |
| Enter build submenu | 33 | |
| Enter hero's abilities submenu | 6 | |
| Give item / drop item | 1 | |
| Right click | 1471 | |
| Select / deselect | 595 | |
| Select group hotkey | 276 | |
| Use ability | 132 | |
3093 total
» units
| Peon | 14 | |
| Grunt | 7 | |
| Raider | 5 | |
| Spirit Walker | 4 | |
| Demolisher | 1 | |
| Wind Rider | 1 | |
32 total
» upgrades
| Pillage | 1 | |
| Ensnare | 1 | |
| Spirit Walker Training | 1 | |
| Berserker Strength | 1 | |
4 total
» buildings
| Altar of Storms | 1 | |
| Orc Burrow | 4 | |
| Barracks | 1 | |
| Voodoo Lounge | 1 | |
| Stronghold | 1 | |
| Beastiary | 1 | |
| Spirit Lodge | 1 | |
| War Mill | 2 | |
| Watch Tower | 13 | |
25 total
» build order
00:04 Altar of Storms
00:18 Orc Burrow
00:36 Barracks
02:14 Orc Burrow
02:19 Voodoo Lounge
03:14 Stronghold
05:12 Orc Burrow
05:39 Beastiary
05:41 Spirit Lodge
07:50 Orc Burrow
08:02 War Mill
08:05 War Mill
09:18 Watch Tower
09:19 Watch Tower
09:19 Watch Tower
09:35 Watch Tower
09:38 Watch Tower
09:44 Watch Tower
10:14 Watch Tower
10:25 Watch Tower
12:40 Watch Tower
12:40 Watch Tower
13:51 Watch Tower
14:16 Watch Tower
14:57 Watch Tower
» items
| Healing Salve | 8 | |
| Lesser Clarity Potion | 1 | |
| Potion of Healing | 2 | |
| Scroll of Speed | 1 | |
| Potion of Mana | 1 | |
13 total
refereesChopstix,
snarker,
AgentCodyBanks,
erz,
Wachepti,
royceroyce2001,
BEAR_AND Chat log
(00:05 / All) gREEDoFtHEnOOB: aah memories
(00:48 / All) Mata.: i wear pretty stoic expression
(00:49 / All) Mata.: when playing
(01:14 / All) gREEDoFtHEnOOB: goon luck
(01:17 / All) Mata.: gl;hf
(02:21 / All) Mata.: i forget burrow @@
(03:22 / All) gREEDoFtHEnOOB: ul
(05:04 / All) Mata.: yo greeder @@
(05:07 / All) Mata.: too early to plugpull
(07:42 / All) Mata.: ghey
(10:03 / All) Mata.: wtf.
(10:55 / All) Mata.: gay map; too big.
(16:27 / All) BEAR_AND: Owned
(16:33 / All) snarker: m4anna
(16:36 / All) snarker: fu
(16:37 / All) snarker: k
(16:38 / All) gREEDoFtHEnOOB: gg
(16:40 / All) Mata.: GG
(16:46 / All) snarker: ~_~